 Dungeon Crawl Stone Soup version 0.31-a0-881-ge136f0c47a (webtiles) character file.

Game seed: 10226828818018913641

494 Spaninq the Changeling (level 6, -1/48 HPs)
             Began as a Demonspawn Shapeshifter on Oct 15, 2023.
             Slain by an ufetubus (3 damage)
             ... on level 5 of the Dungeon.
             The game lasted 00:09:44 (3399 turns).

Spaninq the Changeling (Demonspawn Shapeshifter)    Turns: 3399, Time: 00:09:45

Health: -1/48      AC:  2    Str: 17    XL:     6   Next: 92%
Magic:  6/6        EV: 12    Int: 11    God:
Gold:   204        SH:  0    Dex: 12    Spells: 5/5 levels left

rFire   . . .        i - +0 whip (elec)
rCold   . . .        (no shield)
rNeg    . . .        a - +0 animal skin
rPois   .            (helmet currently unavailable)
rElec   .            (cloak currently unavailable)
rCorr   .            (gloves currently unavailable)
SInv    .            (boots currently unavailable)
Will    .....        t - amulet of regeneration
Stlth   +            (no ring)
HPRegen 1.08/turn    (no ring)
MPRegen 0.10/turn

%: no passive effects
@: beast-form
A: beast (slay +3), claws 1, foul stench 1
a: Begin Untransformation


You were on level 5 of the Dungeon.
You were a hulking beast.
You visited 1 branch of the dungeon, and saw 5 of its levels.

You collected 204 gold pieces.

Inventory:

Hand Weapons
 i - a +0 whip of electrocution (weapon)
Armour
 a - a +0 animal skin (worn)
 n - a +0 kite shield
 o - a +0 buckler
Jewellery
 t - an amulet of regeneration (around neck)
Talismans
 c - a beast talisman (active)
 d - a flux talisman
Scrolls
 e - 4 scrolls of noise {unknown}
 g - 2 scrolls of teleportation {unknown}
 k - 3 scrolls of identify {unknown}
 m - 3 scrolls of fear {unknown}
 p - 3 scrolls of vulnerability {unknown}
 q - 2 scrolls of blinking {unknown}
Potions
 b - 2 potions of lignification
 f - 2 potions of curing {unknown}
 h - 2 potions of might {unknown}
 j - a potion of berserk rage {unknown}
 l - a potion of heal wounds {unknown}
 r - 2 potions of degeneration {unknown}
 s - a potion of brilliance {unknown}


   Skills:
 + Level 3.9 Fighting
 - Level 1.8 Dodging
 + Level 1.8 Shields
 - Level 2.7 Unarmed Combat
 * Level 5.4 Shapeshifting


You had 5 spell levels left.
You didn't know any spells.
Your spell library contained the following spells:

 Spells                   Type           Power      Damage    Failure   Level
 Apportation              Tloc           0%         N/A       34%         1
 Necrotise                Necr           0%         1d4       34%         1
 Summon Small Mammal      Summ           0%         N/A       34%         1
 Dazzling Flash           Conj/Hex       0%         N/A       71%         3
 Gell's Gravitas          Tloc           0%         N/A       71%         3
 Teleport Other           Tloc           0%         N/A       71%         3
 Agony                    Necr           0%         N/A       100%        5
 Silence                  Hex/Air        0%         N/A       100%        5
 Dispersal                Tloc           0%         N/A       100%        6


Dungeon Overview and Level Annotations

Branches:
Dungeon (5/15)
 Temple: D:4-7

Altars:
Ashenzari
Kikubaaqudgha
Makhleb
Ru
Sif Muna
Xom

Shops:
D:1 ?   D:2 =


Innate Abilities, Weirdness & Mutations

You are a hulking beast.
Your limbs bulge with bestial killing power. (Slay +3)
You have sharp fingernails.
You may rarely emit foul miasma when damaged in melee.


Message History

You feel sick. The scorpion stings you.
You barely miss the scorpion.
The scorpion is almost dead.
You feel sick. The scorpion stings you. x2
You are more poisoned.
The scorpion poisons you!
You hit the scorpion.
You kill the scorpion!
You feel very sick.
You feel very sick.
You see here a scorpion corpse.
You feel sick. 2 ufetubi come into view.
You feel sick.
The ufetubus shouts!
You feel sick.
You feel sick.
The ufetubus shouts!
You feel sick. The ufetubus misses you. The ufetubus barely misses you.
The ufetubus hits you but does no damage. x2
The ufetubus slips past you! The ufetubus hits you. The ufetubus misses you.
You barely miss the ufetubus.
You feel sick. The ufetubus closely misses you. The ufetubus hits you.
The ufetubus closely misses you. The ufetubus misses you.
The ufetubus closely misses you. x2
You closely miss the ufetubus.
You feel sick. The ufetubus hits you. The ufetubus barely misses you.
The ufetubus hits you.
* * * LOW HITPOINT WARNING * * *
The ufetubus hits you.
* * * LOW HITPOINT WARNING * * *
The ufetubus barely misses you. The ufetubus misses you.
The ufetubus slips past you! The ufetubus hits you.
* * * LOW HITPOINT WARNING * * *
The ufetubus hits you but does no damage.
You barely miss the ufetubus.
You feel sick.
You are no longer poisoned.
The ufetubus closely misses you. x2; The ufetubus barely misses you.
The ufetubus hits you.
* * * LOW HITPOINT WARNING * * *
The ufetubus barely misses you. The ufetubus hits you.
You die...

## ##.####
##.....##
#.......#
##.......#
#........#
##.....h..#
.......55##
.........#
.........##
#..###....# ##
##..†#########.
#.....#....#..
##............
#..........#


You could see 2 ufetubi.

Vanquished Creatures
  2 phantoms (D:4)
  A bullfrog (D:5)
  A scorpion (D:5)
  A hound (D:5)
  An iguana (D:4)
  An orc wizard (D:5)
  4 adders
  A worm (D:5)
  The ghost of Kurtz the Sneak, a weakling NaDe (D:5)
  2 dart slugs
  8 orcs
  8 ball pythons
  9 bats
  8 endoplasms
  6 giant cockroaches
  7 goblins
  9 hobgoblins
  4 kobolds
  7 quokkas
  2 frilled lizards
  6 rats
89 creatures vanquished.

Notes
Turn   | Place    | Note
-------+----------+-------------------------------------------
     0 | D:1      | Spaninq the Demonspawn Shapeshifter began the quest for the
                  | Orb.
     0 | D:1      | Reached XP level 1. HP: 15/15 MP: 1/1
    35 | D:1      | Reached skill level 3 in Shapeshifting
    35 | D:1      | Gained mutation: You have sharp fingernails. [demonic
                  | ancestry]
    35 | D:1      | Reached XP level 2. HP: 14/21 MP: 2/2
   163 | D:1      | Found Mygom's Magic Scroll Boutique.
   541 | D:1      | Reached XP level 3. HP: 25/27 MP: 3/3
  1224 | D:2      | Found Fefymiej's Jewellery Shoppe.
  1313 | D:2      | You fall into a shaft and drop 2 floors!
  1313 | D:4      | Found a shimmering altar of Xom.
  1333 | D:4      | Found a burning altar of Makhleb.
  1347 | D:4      | Found an ancient bone altar of Kikubaaqudgha.
  1349 | D:4      | Noticed a phantom
  1352 | D:4      | Found a sacrificial altar of Ru.
  1493 | D:4      | Noticed a phantom
  1508 | D:4      | Killed a phantom
  1509 | D:4      | Reached skill level 4 in Shapeshifting
  1509 | D:4      | Reached XP level 4. HP: 19/34 MP: 4/4
  1566 | D:4      | Found a shimmering blue altar of Sif Muna.
  1566 | D:4      | Found a broken altar of Ashenzari.
  1677 | D:4      | Killed a phantom
  1678 | D:4      | Reached XP level 5. HP: 11/41 MP: 5/5
  2940 | D:4      | Gained mutation: You may rarely emit foul miasma when
                  | damaged in melee. [demonic ancestry]
  2940 | D:4      | Reached XP level 6. HP: 29/47 MP: 6/6
  3098 | D:5      | Entered Level 5 of the Dungeon
  3104 | D:5      | Reached skill level 1 in Shields
  3134 | D:5      | Reached skill level 5 in Shapeshifting
  3195 | D:5      | Found a runed translucent door.
  3195 | D:5      | Noticed Kurtz's ghost (weakling NaDe)
  3252 | D:5      | Killed Kurtz's ghost
  3263 | D:5      | Found a runed translucent door.
  3399 | D:5      | HP: 2/48 [ufetubus (2)]
  3399 | D:5      | Slain by an ufetubus

Illustrated notes

Levels and vault maps discovered:
D:1:      beargit_arrival_greenhouse, layout_basic, serial_shops, shop_scrolls
D:2:      layout_basic, serial_shops, nicolae_shop_just_a_little_nook
D:3:      layout_basic, kennysheep_generic_room_7
D:4:      layout_loops_ring, grunt_temple_overflow_cloverleaf,
          chequers_temple_overflow_statue_of_worship
D:5:      layout_layer_cave, grunt_dithmenos_smoke,
          nemelex_diamond_rough_becter, portal_sewer_entry_e,
          ebering_ghost_sewer_f

Skill      XL: |  1  2  3  4  5  6 |
---------------+-------------------+-----
Shapeshifting  | 3 4 5 |  5.4
Fighting       | 2 3 |  3.9
Shields        | 1 |  1.8
Dodging        | |  1.8
Unarmed Combat | |  2.7

Action                     |  1- 3 |  4- 6 || total
---------------------------+-------+-------++-------
  Melee: Unarmed           |    64 |       ||    64
         Whip              |    60 |   131 ||   191
         Punch             |       |     2 ||     2
   Stab: Sleeping          |     2 |     1 ||     3
 Armour: Animal skin       |    56 |    81 ||   137
  Dodge: Dodged            |    83 |   105 ||   188

Table legend: (Time is in decaauts)
 A = Elapsed time spent in this place.
 B = Non-inter-level travel time spent in this place.
 C = Inter-level travel time spent in this place.
 D = Time resting spent in this place.
 E = Time spent auto-exploring this place.
 F = Levels seen in this place.
 G = Mean time per level.
                   A        B        C        D        E       F      G
               +--------+--------+--------+--------+--------+-----+--------+
         Total |   3423 |   3326 |     97 |     31 |   2304 |   5 |  684.6 |
       Dungeon |   3423 |   3326 |     97 |     31 |   2304 |   5 |  684.6 |
               +--------+--------+--------+--------+--------+-----+--------+

Top non-repeatable levels by time:
     D:4: 1020 daAuts
     D:2: 886 daAuts
     D:1: 643 daAuts
     D:3: 558 daAuts
     D:5: 314 daAuts
